AoeStats
← VZWVH

Arena

510393706Analyzed
1v1 RM · 2d ago on Sep 30, 2026· 42m 9s· 2 players
Game mode
Random Map
Map size
Tiny (2 player)
Population
200
Speed
Normal
Resources
Standard
Victory
Conquest
Starting age
Dark Age
Ending age
Imperial Age
RankedLock teamsTeams togetherTeam positionsShared explorationLock speedFull tech treeHidden civsTurbo modeCheats
Victory
Defeat
🇲🇽 Spanish · Mexico
1006
+16
🇫🇷 Bohemians · France
1008
-16
Tytus Abraxas
10:19 Feudal Age
15:22 Castle Age
15:04 Double-Bit Axe
15:31 Loom
16:07 Loom
19:53 Horse Collar
26:15 Pikeman
26:56 Squires
28:44 Wheelbarrow
28:32 Forging
36:17 Imperial Age
37:05 Iron Casting
36:53 Scale Barding Armor
36:35 Light Cavalry
37:26 Bloodlines
37:16 Husbandry
38:07 Hand Cart
39:34 Chain Barding Armor
42:22 Conscription
VZWVH
12:46 Feudal Age
17:18 Castle Age
15:09 Double-Bit Axe
15:09 Horse Collar
16:24 Fletching
16:35 Padded Archer Armor
17:27 Loom
18:18 Wheelbarrow
18:36 Pikeman
19:19 Elite Skirmisher
21:57 Bow Saw
22:26 Bodkin Arrow
26:10 Heavy Plow
27:53 Redemption
39:58 Imperial Age
39:12 Squires
39:01 Arson
39:47 Hand Cart
39:19 Town Watch
41:47 Bracer
42:03 Leather Archer Armor
Connection lost

Rejoining the realm…

Still unreachable

The connection could not be restored.

Session expired

The server has moved on; the page needs a fresh start.